 Dungeon Crawl Stone Soup version 0.28.0 (webtiles) character file.

Game seed: 9894460676115726636

14 Prodoman the Magician (level 2, -7/19 HPs)
             Began as a Demonspawn Hedge Wizard on Feb 4, 2022.
             Mangled by Terence (9 damage)
             ... on level 2 of the Dungeon.
             The game lasted 00:02:39 (1314 turns).

Prodoman the Magician (Demonspawn Hedge Wizard)     Turns: 1314, Time: 00:02:40

Health: -7/19      AC:  2    Str: 10    XL:     2   Next: 31%
Magic:  0/6        EV: 12    Int: 15    God:
Gold:   14         SH:  0    Dex: 12    Spells: 6/7 levels left

rFire   . . .      SeeInvis .   a - +0 dagger
rCold   . . .      Faith    .   (no shield)
rNeg    . . .      Spirit   .   b - +0 robe
rPois   .          Reflect  .   c - +0 hat
rElec   .          Harm     .   (no cloak)
rCorr   .          Rampage  .   (no gloves)
Will    .....                   (no boots)
Stlth   ++........              (no amulet)
HPRegen 0.06/turn               (no ring)
MPRegen 0.10/turn               (no ring)

@: no status effects
A: ignite blood 1
a: no special abilities


You were on level 2 of the Dungeon.
You visited 1 branch of the dungeon, and saw 2 of its levels.

You collected 14 gold pieces.

Inventory:

Hand Weapons
 a - a +0 dagger (weapon)
Armour
 b - a +0 robe (worn)
 c - a +0 hat (worn)
Scrolls
 d - a scroll of torment {unknown}
 e - a scroll of enchant weapon {unknown}
 g - a scroll of identify {unknown}


   Skills:
 + Level 1.9 Dodging
 + Level 1.9 Stealth
 * Level 3.2 Spellcasting
 + Level 1.2 Conjurations
 + Level 1.2 Summonings
 + Level 1.1 Translocations


You had 6 spell levels left.
You knew the following spells:

 Your Spells              Type           Power      Damage    Failure   Level
a - Magic Dart            Conj           24%        1d4       12%         1

Your spell library contained the following spells:

 Spells                   Type           Power      Damage    Failure   Level
 Summon Small Mammal      Summ           24%        N/A       12%         1
 Blink                    Tloc           10%        N/A       19%         2
 Call Imp                 Summ           6%         N/A       19%         2
 Slow                     Hex            8%         N/A       21%         1
 Call Canine Familiar     Summ           6%         N/A       34%         3
 Conjure Flame            Conj/Fire      4%         6-21      41%         3
 Summon Guardian Golem    Hex/Summ       4%         N/A       41%         3
 Mephitic Cloud           Conj/Pois/Air  3%         N/A       45%         3


Dungeon Overview and Level Annotations

Branches:
Dungeon (2/15)

Altars:

Annotations:
D:2 Terence


Innate Abilities, Weirdness & Mutations

Your demonic aura sometimes causes spilled blood to erupt in flames.


Message History

You barely miss Terence.
Terence is lightly wounded.
Terence hits you with a +0 flail.
Hit: a) +0 dagger
Press: ? - help, Dir - move target, f/p - Terence
Aim: Terence, wielding a +0 flail and wearing a +0 chain mail (lightly wounded, about 31% to evade your +0 dagger)
You hit Terence but do no damage.
Terence is lightly wounded.
Terence says, "Did you write a will?
You should..."
Terence closely misses you.
Hit: a) +0 dagger
Press: ? - help, Dir - move target, f/p - Terence
Aim: Terence, wielding a +0 flail and wearing a +0 chain mail (lightly wounded, about 31% to evade your +0 dagger)
You hit Terence but do no damage.
Terence is lightly wounded.
Terence barely misses you.
Hit: a) +0 dagger
Press: ? - help, Dir - move target, f/p - Terence
Aim: Terence, wielding a +0 flail and wearing a +0 chain mail (lightly wounded, about 31% to evade your +0 dagger)
You hit Terence but do no damage.
Terence is lightly wounded.
Terence hits you with a +0 flail.
Hit: a) +0 dagger
Press: ? - help, Dir - move target, f/p - Terence
Aim: Terence, wielding a +0 flail and wearing a +0 chain mail (lightly wounded, about 31% to evade your +0 dagger)
You hit Terence but do no damage.
Terence is lightly wounded.
Terence barely misses you.
Casting: Magic Dart (safe; 12% risk of failure)
Confirm with . or Enter, or press ? or * to list all spells.
Aiming: Magic Dart (safe; 12% risk of failure)
Press: ? - help, Shift-Dir - straight line, f/p - Terence
Aim: Terence, wielding a +0 flail and wearing a +0 chain mail (lightly wounded, 100% to hit)
The magic dart hits Terence but does no damage.
Terence is lightly wounded.
Terence hits you with a +0 flail!
Ouch! That really hurt!
* * * LOW HITPOINT WARNING * * *
Terence hits you with a +0 flail!
You die...

.........#
#.#......
#.#..=.. ......
#.... #... #bg#
+# #@## .#
#○@##.####
#.######.........
#................
########..#....#
#..#....#
#..#....#
##.#....#
#......# #......#


You could see Terence, a hobgoblin and a bat.

Vanquished Creatures
  A giant cockroach (D:1)
  2 goblins
  3 hobgoblins (D:1)
  A quokka (D:2)
  2 bats
  2 kobolds
  3 rats (D:1)
14 creatures vanquished.

Notes
Turn   | Place    | Note
-------+----------+-------------------------------------------
     0 | D:1      | Prodoman the Demonspawn Hedge Wizard began the quest for
                  | the Orb.
     0 | D:1      | Reached XP level 1. HP: 13/13 MP: 4/4
    52 | D:1      | Reached skill level 1 in Translocations
   187 | D:1      | Found a faded altar of an unknown god.
   377 | D:1      | Gained mutation: Your demonic aura sometimes causes spilled
                  | blood to erupt in flames. [demonic ancestry]
   377 | D:1      | Reached XP level 2. HP: 19/19 MP: 0/6
  1292 | D:2      | Noticed Terence
  1314 | D:2      | Mangled by Terence

Illustrated notes

Levels and vault maps discovered:
D:1:      heliophobic_arrival_henge, layout_basic, basic_ecumenical_altar
D:2:      layout_basic, uniq_terence, uniq_sigmund

Skill      XL: |  1 |
---------------+----+-----
Translocations | 1 |  1.1
Dodging        | |  1.9
Stealth        | |  1.9
Spellcasting   | |  3.2
Conjurations   | |  1.2
Summonings     | |  1.2

Action                   || total
-------------------------++-------
Melee: Dagger            ||    23
       Punch             ||     1
 Cast: Magic Dart        ||    36
  Use: Potion            ||     1
Armor: Robe              ||     6
Dodge: Dodged            ||    19
